 Dungeon Crawl Stone Soup version 0.19.4-12-gccf7e64 (webtiles) character file.

35 Jynx the Skirmisher (level 3, 34/34 HPs)
             Began as a Minotaur Abyssal Knight on Feb 26, 2017.
             Was a Follower of Elyvilon.
             Quit the game on level 2 of the Dungeon.
             The game lasted 00:02:10 (625 turns).

Jynx the Skirmisher (Minotaur Abyssal Knight)        Turns: 625, Time: 00:02:11

Health: 34/34      AC:  3    Str: 16    XL:     3   Next: 17%
Magic:  3/3        EV: 14    Int:  9    God:    Elyvilon [*.....]
Gold:   73         SH:  0    Dex: 10    Spells: 0 memorised, 2 levels left

rFire  . . .     SeeInvis .     a - +1 mace
rCold  . . .     Gourm    .     b - +0 leather armour
rNeg   . . .     Faith    .     (no shield)
rPois  .         Spirit   .     (helmet restricted)
rElec  .         Reflect  .     (no cloak)
rCorr  .         Harm     .     (no gloves)
MR     .....                    (no boots)
Stlth  +.........               (no amulet)
                                (no ring)
                                i - +3 ring of evasion

@: no status effects
A: retaliatory headbutt, horns 2
a: Lesser Healing, Divine Protection, Renounce Religion


You were on level 2 of the Dungeon.
You worshipped Elyvilon.
Elyvilon was aware of your devotion.
You were not hungry.

You visited 1 branch of the dungeon, and saw 2 of its levels.
You visited the Abyss 1 time.

You collected 73 gold pieces.

Inventory:

Hand Weapons
 a - a +1 mace (weapon)
Armour
 b - a +0 leather armour (worn)
Jewellery
 i - a +3 ring of evasion (left hand)
Scrolls
 d - 2 scrolls of identify {unknown}
 f - a scroll of fog {unknown}
 h - a scroll of immolation {unknown}
 k - a scroll of teleportation {unknown}
Potions
 e - a potion of degeneration {unknown}
 g - a potion of haste {unknown}
 j - a potion of might {unknown}
Comestibles
 c - 2 bread rations


   Skills:
 + Level 4.3 Fighting
 * Level 3.5 Maces & Flails
 - Level 2.4 Armour
 - Level 1.1 Dodging
 + Level 1.9 Invocations


You had 2 spell levels left.
You didn't know any spells.

Dungeon Overview and Level Annotations

Branches:
Dungeon (2/15)

Altars:
Elyvilon


Innate Abilities, Weirdness & Mutations

You reflexively headbutt those who attack you in melee.
You have a pair of horns on your head.


Message History

c - 2 bread rations (gained 1)
There is a stone staircase leading down here.
k - a scroll labeled QATEKHIXEAR You now have 60 gold pieces (gained 5).
You now have 73 gold pieces (gained 13).
Found a faded altar of an unknown god.
HP restored.
Found a stone staircase leading down.
There is a faded altar of an unknown god here.
Unknown command.
Press < or > to pray at altars.
You cannot tell which god this altar belongs to.
Convert to them anyway?
Elyvilon accepts your prayer!
You have lost your religion!
Lugonu does not appreciate desertion!
Elyvilon welcomes you!
You resume training Invocations.
You can now provide lesser healing for yourself.
You can now call on Elyvilon to save your life.
Are you sure you want to abandon this character and quit the game? (Confirm with "yes".)

#.......# #....#.........
#.......# #.#.............
#......####.#..<..........
#.....................!...
#......###..#.......$.....
#......# #...............>
#......###...8............
#......#....8.8...........
##.......#.8.@.8......#..
#########..8.8...#####
#...8....# #.......##
#########


There were no monsters in sight!

Vanquished Creatures
  An ooze (D:1)
  3 bats (D:1)
  4 giant cockroaches (D:1)
  3 goblins
  4 hobgoblins
  4 jackals (D:1)
  A ball python (D:1)
  2 kobolds (D:1)
  6 rats
28 creatures vanquished.

Notes
Turn   | Place    | Note
-------+----------+-------------------------------------------
     0 | Abyss:1  | Jynx the Minotaur Abyssal Knight began the quest for the Orb.
     0 | Abyss:1  | Reached XP level 1. HP: 19/19 MP: 1/1
    10 | D:1      | Escaped the Abyss
    12 | D:1      | Noticed a vine stalker
    17 | D:1      | Noticed a human
    21 | D:1      | Noticed a gargoyle
    23 | D:1      | Noticed a minotaur zombie
    23 | D:1      | Noticed an octopode
    29 | D:1      | Noticed a minotaur skeleton
    65 | D:1      | Reached skill level 4 in Fighting
   122 | D:1      | Reached XP level 2. HP: 21/27 MP: 2/2
   451 | D:1      | Reached XP level 3. HP: 34/34 MP: 3/3
   454 | D:1      | Reached ** piety under Lugonu
   603 | D:2      | Found a faded altar of an unknown god.
   624 | D:2      | Fell from the grace of Lugonu
   624 | D:2      | Became a worshipper of Elyvilon the Healer
   624 | D:2      | Reached * piety under Elyvilon
   625 | D:2      | Quit the game

Skill      XL: |  1  2 |
---------------+-------+-----
Fighting       | 4 |  4.3
Maces & Flails | 3 |  3.5
Armour         | |  2.4
Dodging        | |  1.1
Invocations    | |  1.9

Action                   || total
-------------------------++-------
Melee: Mace              ||    52
       Headbutt          ||     9
Armor: Leather armour    ||    15
Dodge: Dodged            ||    37
